 Dungeon Crawl Stone Soup version 0.29-a0-1043-g569b05d6ff (webtiles) character file.

Game seed: 17832528632967013706

112 jlumianski the Chopper (level 4, -11/34 HPs)
             Began as a Demonspawn Gladiator on Aug 16, 2022.
             Mangled by an ogre
             ... wielding a +0 giant spiked club
              (30 damage)
             ... on level 3 of the Dungeon.
             The game lasted 00:10:04 (2887 turns).

jlumianski the Chopper (Demonspawn Gladiator)       Turns: 2887, Time: 00:10:07

Health: -11/34     AC:  6    Str: 16    XL:     4   Next: 64%
Magic:  4/4        EV: 12    Int: 10    God:
Gold:   41         SH:  0    Dex: 14    Spells: 3/3 levels left

rFire   . . .      SeeInvis .   a - +0 war axe
rCold   + . .      Faith    .   (no shield)
rNeg    . . .      Spirit   .   o - +2 leather armour {rC+}
rPois   .          Reflect  .   c - +0 helmet
rElec   .          Harm     .   (no cloak)
rCorr   .          Rampage  .   (no gloves)
Will    .....                   (no boots)
Stlth   +.........              n - amulet of the acrobat
HPRegen 0.11/turn               (no ring)
MPRegen 0.09/turn               (no ring)

@: no status effects
A: claws 1
a: no special abilities


You were on level 3 of the Dungeon.
You visited 1 branch of the dungeon, and saw 4 of its levels.

You collected 216 gold pieces.
You spent 175 gold pieces at shops.

Inventory:

Hand Weapons
 a - a +0 war axe (weapon)
 t - the +3 whip of Luipsuk {vorpal, Will++}
   (You found it on level 3 of the Dungeon)

   It inflicts extra damage upon your enemies.
   Will:      It greatly increases your willpower.
Missiles
 d - 3 throwing nets (quivered)
 e - a javelin
 j - 46 stones
Armour
 b - a +0 leather armour
 c - a +0 helmet (worn)
 o - a +2 leather armour of cold resistance (worn)
 s - a +0 kite shield
Jewellery
 n - an amulet of the acrobat (around neck)
Scrolls
 f - a scroll of summoning {unknown}
 i - 3 scrolls of blinking
 k - a scroll of teleportation {unknown}
 l - a scroll of vulnerability {unknown}
 p - a scroll of butterflies {unknown}
 q - a scroll of noise
 u - a scroll of amnesia {unknown}
Potions
 g - a potion of curing
 h - a potion of berserk rage
 m - a potion of resistance
 r - a potion of brilliance
 v - a potion of heal wounds


   Skills:
 + Level 2.5 Fighting
 + Level 3.6 Axes
 + Level 1.8 Throwing
 + Level 1.6 Armour
 + Level 3.3 Dodging
 + Level 0.2 Stealth


You had 3 spell levels left.
You didn't know any spells.
Your spell library contained the following spells:

 Spells                   Type           Power      Damage    Failure   Level
 Magic Dart               Conj           0%         1d3       43%         1
 Sandblast                Erth           0%         2d4       43%         1
 Passwall                 Tmut/Erth      0%         N/A       56%         2
 Poisonous Vapours        Pois/Air       0%         N/A       56%         2
 Searing Ray              Conj           0%         2d4       56%         2
 Conjure Flame            Conj/Fire      0%         6-21      80%         3
 Ignite Poison            Fire/Tmut/Pois 0%         N/A       80%         3
 Portal Projectile        Hex/Tloc       0%         N/A       80%         3
 Stone Arrow              Conj/Erth      0%         3d7       80%         3
 Tukima's Dance           Hex            0%         N/A       80%         3
 Corpse Rot               Necr/Pois/Air  0%         N/A       99%         4
 Fulminant Prism          Conj/Hex       0%         3d6       99%         4
 Sticky Flame             Conj/Fire      0%         2d3       99%         4
 Blade Hands              Tmut           0%         N/A       100%        5


Dungeon Overview and Level Annotations

Branches:
Dungeon (4/15)
 Temple: D:4-7

Altars:
Gozag

Shops:
D:3 *


Innate Abilities, Weirdness & Mutations

You have sharp fingernails.


Message History

Found a dagger.
Found a short sword.
The kobold attacks as you move away! The kobold closely misses you.
Found 10 gold pieces.
The kobold attacks as you move away! The kobold misses you.
The kobold attacks as you move away! The kobold closely misses you.
The kobold attacks as you move away! The kobold closely misses you.
The kobold attacks as you move away! The kobold hits you with a +0 dagger.
The kobold attacks as you move away! The kobold misses you.
The kobold attacks as you move away! The kobold closely misses you.
There is a stone staircase leading up here.
The kobold hits you but does no damage.
You climb upwards.
There is a stone staircase leading down here.
You hit the kobold.
You kill the kobold!
You climb downwards.
The ogre hits you with a +0 giant spiked club!
The scorpion closely misses you.
The scorpion stings you but does no damage.
There is a stone staircase leading up here.
The ogre completely misses you. The endoplasm freezes you.
You are frozen.
You resist. The scorpion stings you.
You climb upwards.
There is a stone staircase leading down here.
You hit the endoplasm.
The endoplasm is lightly wounded.
You hit the ogre but do no damage. You barely miss the scorpion.
The endoplasm misses you. The scorpion closely misses you.
The ogre completely misses you.
The endoplasm hits you but does no damage.
The scorpion closely misses you.
You hit the endoplasm.
The endoplasm is heavily wounded.
You hit the scorpion but do no damage. You barely miss the ogre.
The scorpion misses you. The endoplasm barely misses you.
The ogre hits you with a +0 giant spiked club!!
Ouch! That really hurt!
You die...

# # # ####### # #.....#
## #.....# #. #.....# #.
#########.....###.
#######@J.....#.....+...
#.....sO#####......†###.
#.......######..........
#.......'........#....#.
#.......#####....###...#
#.......#####.#..#.....#
#......)......#........#
#.......................
#######...........#.....


You could see an ogre, a scorpion and an endoplasm.

Vanquished Creatures
  5 adders
  3 dart slugs
  An orc (D:2)
  3 ball pythons
  5 bats
  5 endoplasms
  3 giant cockroaches
  7 goblins
  2 hobgoblins
  7 jackals
  4 quokkas
  2 frilled lizards
  4 kobolds
  3 rats
54 creatures vanquished.

Vanquished Creatures (others)
  4 toadstools (D:1)
4 creatures vanquished.

Grand Total: 58 creatures vanquished

Notes
Turn   | Place    | Note
-------+----------+-------------------------------------------
     0 | D:1      | jlumianski the Demonspawn Gladiator began the quest for the
                  | Orb.
     0 | D:1      | Reached XP level 1. HP: 16/16 MP: 1/1
   380 | D:1      | Gained mutation: You have sharp fingernails. [demonic
                  | ancestry]
   380 | D:1      | Reached XP level 2. HP: 17/22 MP: 2/2
   673 | D:1      | Found a faded altar of an unknown god.
   975 | D:2      | Reached XP level 3. HP: 20/27 MP: 3/3
  1191 | D:2      | Reached skill level 1 in Armour
  2155 | D:3      | Reached XP level 4. HP: 34/34 MP: 4/4
  2414 | D:3      | Identified the +3 whip of Luipsuk {vorpal, Will++}
  2538 | D:3      | Found Faqyurr's General Store.
  2554 | D:3      | Bought a potion of heal wounds for 70 gold pieces
  2592 | D:3      | Found an opulent altar of Gozag.
  2802 | D:3      | Bought a scroll of blinking for 105 gold pieces
  2827 | D:4      | Noticed an ogre
  2846 | D:4      | Noticed a scorpion
  2887 | D:3      | Mangled by an ogre

Illustrated notes

Levels and vault maps discovered:
D:1:      ldierk_water_garden, layout_rooms,
          hellmonk_ecumenical_altar_dog_temple,
          amcnicky_mini_rare_corridor_liquid, minmay_misc_feat_doors,
          nicolae_titane
D:2:      layout_basic, roderic_roman_lattice, kennysheep_cluttered_room
D:3:      layout_basic, nicolae_gozag_cash_rules_everything_around_me,
          serial_shops, shop, amethyst_killhole
D:4:      layout_rooms, corexii_hall_statues_x

Skill      XL: |  1  2  3 |
---------------+----------+-----
Axes           | 3 |  3.6
Dodging        | 3 |  3.3
Armour         | 1 |  1.6
Fighting       | |  2.5
Throwing       | |  1.8
Stealth        | |  0.2

Action                   |  1- 3 |  4- 6 || total
-------------------------+-------+-------++-------
Melee: War axe           |   117 |    55 ||   172
  Use: Scroll            |     3 |     2 ||     5
 Stab: Sleeping          |     1 |     1 ||     2
Armor: Leather armour    |    42 |    38 ||    80
Dodge: Dodged            |    97 |    68 ||   165

Table legend: (Time is in decaauts)
 A = Elapsed time spent in this place.
 B = Non-inter-level travel time spent in this place.
 C = Inter-level travel time spent in this place.
 D = Time resting spent in this place.
 E = Time spent auto-exploring this place.
 F = Levels seen in this place.
 G = Mean time per level.
                   A        B        C        D        E       F      G
               +--------+--------+--------+--------+--------+-----+--------+
         Total |   2949 |   2850 |     99 |    216 |   1620 |   4 |  737.2 |
       Dungeon |   2949 |   2850 |     99 |    216 |   1620 |   4 |  737.2 |
               +--------+--------+--------+--------+--------+-----+--------+

Top non-repeatable levels by time:
     D:2: 1193 daAuts
     D:1: 982 daAuts
     D:3: 650 daAuts
     D:4: 123 daAuts
